 Seeded DCSS version 0.25.1-8-g42b30a86e7 (webtiles) character file.

Game seed: 20201210 (custom seed)

61 radhat240 the Sneak (level 4, -1/39 HPs)
             Began as a Naga Assassin on Dec 14, 2020.
             Was an Initiate of Dithmenos.
             Slain by Pikel
             ... wielding a +2 whip of flaming
              (3 damage)
             ... on level 5 of the Dungeon.
             The game lasted 00:07:04 (783 turns).

radhat240 the Sneak (Naga Assassin)                  Turns: 783, Time: 00:07:04

Health: -1/39      AC:  4    Str: 15    XL:     4   Next: 7%
Magic:  4/4        EV: 10    Int: 11    God:    Dithmenos [......]
Gold:   29         SH:  0    Dex: 13    Spells: 3/3 levels left

rFire    . . .     SeeInvis +   k - +8 dagger "Nayrioqem" {elec, rElec rN+++ Str-5 Stlth+}
rCold    . . .     Gourm    .   (no shield)
rNeg     + + +     Faith    .   b - +0 robe
rPois    +         Spirit   .   (no helmet)
rElec    +         Reflect  .   c - +1 cloak
rCorr    .         Harm     .   (no gloves)
MR       .....                  (no barding)
Stlth    ++........             j - amulet of regeneration
HPRegen  0.53/turn              m - +6 ring of strength
MPRegen  0.09/turn              (no ring)

@: confused, very slow
A: large, see invisible, deformed body, poison resistance, slowness 2, slow
metabolism 1, spit poison 1, AC +1
a: Spit Poison, Renounce Religion


You were on level 5 of the Dungeon.
You worshipped Dithmenos.
Dithmenos was noncommittal.
You were not hungry.

You visited 1 branch of the dungeon, and saw 5 of its levels.

You collected 29 gold pieces.

Inventory:

Hand Weapons
 a - a +2 dagger
 i - a +4 dagger
 k - the +8 dagger "Nayrioqem" (weapon) {elec, rElec rN+++ Str-5 Stlth+}
   (You found it on level 5 of the Dungeon)

   Occasionally, upon striking a foe, it will discharge some electrical energy
   and cause terrible harm.
   It affects your strength (-5).
   It insulates you from electricity.
   It renders you almost immune to negative energy.
   It makes you more stealthy.
Missiles
 d - 25 poisoned darts (quivered)
 e - 2 curare-tipped darts
 h - 7 atropa-tipped darts
Armour
 b - a +0 robe (worn)
 c - a +1 cloak (worn)
Jewellery
 j - an amulet of regeneration (around neck)
 m - a +6 ring of strength (left hand)
Scrolls
 g - a scroll of identify {unknown}
Comestibles
 f - 4 rations


   Skills:
 + Level 2.2 Fighting
 * Level 2.6 Short Blades
 + Level 1.8 Throwing
 * Level 1.2 Dodging
 * Level 7.3 Stealth


You had 3 spell levels left.
You didn't know any spells.
Your spell library was empty.

Dungeon Overview and Level Annotations

Branches:
Dungeon (5/15)
 Temple: D:4-7

Altars:
Dithmenos
Trog
Vehumet
Yredelemnul

Annotations:
D:5 Pikel


Innate Abilities, Weirdness & Mutations

You cannot wear boots.
Your serpentine skin is tough. (AC +1)
You have supernaturally acute eyesight. (SInv)
Armour fits poorly on your strangely shaped body.
Your system is resistant to poisons. (rPois)
You cover ground very slowly.
You have a slow metabolism.
You can spit poison.


Message History

Pikel burns you.
You bump into the rock wall.
The slave hits you. Pikel completely misses you.
You puncture Pikel!
Pikel is lightly wounded.
The slave hits you.
Pikel hits you with a +2 whip of flaming.
Pikel burns you.
You hit Pikel.
Pikel is moderately wounded.
The slave completely misses you.
Pikel hits you with a +2 whip of flaming!
* * * LOW HITPOINT WARNING * * *
Pikel burns you.
* * * LOW HITPOINT WARNING * * *
You bump into the rock wall.
The slave hits you.
* * * LOW HITPOINT WARNING * * *
Pikel hits you with a +2 whip of flaming.
* * * LOW HITPOINT WARNING * * *
Pikel burns you.
You die...

###..#..###..........#
...#.+.#...#.###.##..#
.....#...#...# #.# ^#
####...###.#####.###.#
.....### #...........#
##)### #...........##
# #......pp.p..#
#.#####K## #.#...p@#
###.##.#### #...##.#
#.####.# #.# #.# #.#
#.# #.####.# #......#
########


You could see Pikel and 3 slaves.

Vanquished Creatures
  A slave (D:5)
  An iguana (D:5)
  2 adders (D:4)
  An adder skeleton (D:4)
  A leopard gecko (D:5)
  2 giant cockroaches
  3 hobgoblins (D:2)
  A jackal (D:4)
  A kobold (D:2)
  A frilled lizard (D:2)
  A leopard gecko skeleton (D:5)
  2 rats (D:4)
17 creatures vanquished.

Notes
Turn   | Place    | Note
-------+----------+-------------------------------------------
     0 | D:1      | radhat240 the Naga Assassin began the quest for the Orb.
     0 | D:1      | Reached XP level 1. HP: 19/19 MP: 1/1
    67 | D:2      | Reached skill level 6 in Stealth
    79 | D:2      | Found a radiant altar of Vehumet.
    80 | D:2      | Found a basalt altar of Yredelemnul.
    81 | D:2      | Found a shadowy altar of Dithmenos.
    96 | D:2      | Became a worshipper of Dithmenos the Shadowed
   351 | D:3      | Reached XP level 2. HP: 26/26 MP: 2/2
   386 | D:4      | Found a bloodstained altar of Trog.
   386 | D:4      | Noticed a moth of wrath
   446 | D:4      | Reached skill level 1 in Dodging
   446 | D:4      | Reached XP level 3. HP: 13/32 MP: 3/3
   573 | D:4      | Reached skill level 7 in Stealth
   576 | D:5      | Entered Level 5 of the Dungeon
   624 | D:5      | Got a faintly glowing dagger
   625 | D:5      | Identified the +8 dagger "Nayrioqem" {elec, rElec rN+++
                  | Str-5 Stlth+} (You found it on level 5 of the Dungeon)
   719 | D:5      | Reached XP level 4. HP: 39/39 MP: 4/4
   735 | D:5      | Noticed an ice beast
   739 | D:5      | Noticed a slave
   740 | D:5      | Noticed a slave
   767 | D:5      | Noticed Pikel
   767 | D:5      | Noticed a slave
   770 | D:5      | Noticed a slave
   774 | D:5      | Killed a slave
   783 | D:5      | Slain by Pikel

Illustrated notes

Levels and vault maps discovered:
D:1:      dpeg_arrival_snail, layout_basic
D:2:      layout_basic, chequers_temple_overflow_statue_of_worship,
          minmay_hedge_maze, minmay_misc_feat_five
D:3:      layout_basic
D:4:      layout_loops_ring, tgw_trog, first_ration, minmay_distorted
D:5:      layout_basic, kennysheep_nub, minmay_fractal_squares_diagonal_5,
          uniq_pikel

Skill      XL: |  1  2  3 |
---------------+----------+-----
Stealth        | 6 7 |  7.3
Dodging        | 1 |  1.2
Fighting       | |  2.2
Short Blades   | |  2.6
Throwing       | |  1.8

Action                   |  1- 3 |  4- 6 || total
-------------------------+-------+-------++-------
Melee: Dagger            |    55 |     9 ||    64
  Use: Scroll            |     1 |       ||     1
       Potion            |       |     1 ||     1
 Stab: Sleeping          |     4 |     1 ||     5
Armor: Robe              |    11 |     1 ||    12
Dodge: Dodged            |    25 |     7 ||    32
